 Dungeon Crawl Stone Soup version 0.30.0-10-gfe55d96785 (webtiles) character file.

Game seed: 1071207894932512321

9 hawla the Grave Robber (level 2, -1/20 HPs)
             Began as a Meteoran Necromancer on May 14, 2023.
             Slain by an orc priest
             ... wielding a +0 short sword
              (4 damage)
             ... on level 2 of the Dungeon.
             The game lasted 00:01:12 (110 turns).

hawla the Grave Robber (Meteoran Necromancer)        Turns: 110, Time: 00:01:13

Health: -1/20      AC:  2    Str:  9    XL:     2   Next: 35%
Magic:  5/6        EV: 12    Int: 16    God:
Gold:   9          SH:  0    Dex: 14    Spells: 5/6 levels left

rFire   . . .        (no weapon)
rCold   . . .        (no shield)
rNeg    . . .        a - +0 robe
rPois   .            (no helmet)
rElec   .            (no cloak)
rCorr   .            (no gloves)
SInv    .            (no boots)
Will    .....        (no amulet)
Stlth   +            (no ring)
HPRegen 0.23/turn    (no ring)
MPRegen 0.10/turn

%: no passive effects
@: glowing
A: sense surroundings 1, otherworldly, glowing, explore regen
a: no special abilities


You were on level 2 of the Dungeon.
You visited 1 branch of the dungeon, and saw 2 of its levels.

You collected 9 gold pieces.

Inventory:

Armour
 a - a +0 robe (worn)
Scrolls
 c - a scroll of enchant weapon {unknown}


   Skills:
 + Level 2.4 Dodging
 - Level 1.4 Stealth
 + Level 2.8 Spellcasting
 + Level 4.8 Necromancy


You had 5 spell levels left.
You knew the following spells:

 Your Spells              Type           Power      Damage    Failure   Level
a - Necrotise             Necr           68%        1d7       2%          1

Your spell library contained the following spells:

 Spells                   Type           Power      Damage    Failure   Level
 Vampiric Draining        Necr           17%        2d7       8%          3
 Animate Dead             Necr           17%        N/A       26%         4
 Agony                    Necr           17%        N/A       58%         5


Dungeon Overview and Level Annotations

Branches:
Dungeon (2/15) Zot: 1089

Altars:


Innate Abilities, Weirdness & Mutations

You passively map a small area around you.
You are easily found by Zot.
You glow in the dark.
You regain HP and MP as you explore.


Message History

Okay, then.
Your goblin skeleton hits the orc priest but does no damage.
Your ball python skeleton barely misses the orc priest.
Your ball python skeleton grabs the orc priest.
Your ball python skeleton constricts the orc priest.
An orc comes into view. It is wielding a +0 hand axe.
The orc priest hits your goblin skeleton with a +0 short sword.
The goblin hits your goblin skeleton with a +0 hand axe.
Your goblin skeleton is destroyed!
The goblin hits your ball python skeleton with a +0 hand axe.
Casting: Necrotise (safe; 2% risk of failure)
Confirm with . or Enter, or press ? or * to list all spells.
Aiming: Necrotise (safe; 2% risk of failure)
Press: ? - help, Shift-Dir - straight line, f/p - orc priest
Aim: an orc priest, wielding a +0 short sword (heavily wounded, constricted by your ball python skeleton, ally target, chance to affect: 75%)
The orc priest writhes in agony.
Your ball python skeleton bites the orc priest but does no damage.
Your ball python skeleton constricts the orc priest.
The orc priest hits your goblin skeleton with a +0 short sword!
Your goblin skeleton is destroyed!
Casting: Necrotise (safe; 2% risk of failure)
Confirm with . or Enter, or press ? or * to list all spells.
Aiming: Necrotise (safe; 2% risk of failure)
Press: ? - help, Shift-Dir - straight line, f/p - orc priest
Aim: an orc priest, wielding a +0 short sword (severely wounded, constricted by your ball python skeleton, not watching you, ally target, chance to affect: 75%)
The goblin writhes in agony.
The goblin hits you with a +0 hand axe.
* * * LOW HITPOINT WARNING * * *
The goblin hits your ball python skeleton with a +0 hand axe.
Your ball python skeleton is destroyed!
Magic courses through your body. The goblin closely misses you.
The goblin barely misses you.
Casting: Necrotise (safe; 2% risk of failure)
Confirm with . or Enter, or press ? or * to list all spells.
Aiming: Necrotise (safe; 2% risk of failure)
Press: ? - help, Shift-Dir - straight line, f/p - orc priest
Aim: an orc priest, wielding a +0 short sword (severely wounded, chance to affect: 75%)
The orc priest writhes in agony.
The goblin hits you with a +0 hand axe.
* * * LOW HITPOINT WARNING * * *
The orc priest hits you with a +0 short sword.
You die...

* * *.......... * ,
,, ##........# ,,
*####.......... * ,
, ........).... * ,
#.......... , *
..#### #..<.......
, ....##..........
* *
...###oo#..........
....olg@..).......#
* * ,
.)..oog.........#..
,
##............##...
* ,
#.#..........#.#...
,
.#.##.!....##.#...#
.. .#....#.*#..., .
*.#.#..#.#. .. , *
,.#.##..##.#. , , *


You could see an orc priest, 4 orcs, 2 goblins and a frilled lizard.

Vanquished Creatures
  2 bats (D:1)
  2 goblins (D:2)
  A ball python (D:2)
  A kobold (D:1)
  A rat (D:1)
7 creatures vanquished.

Vanquished Creatures (collateral kills)
  A bat (D:1)
1 creature vanquished.

Grand Total: 8 creatures vanquished

Notes
Turn   | Place    | Note
-------+----------+-------------------------------------------
     0 | D:1      | hawla the Meteoran Necromancer began the quest for the Orb.
     0 | D:1      | Reached XP level 1. HP: 14/14 MP: 5/5
    79 | D:1      | Reached XP level 2. HP: 20/20 MP: 0/6
    82 | D:1      | Found a faded altar of an unknown god.
   110 | D:2      | Slain by an orc priest

Illustrated notes

Levels and vault maps discovered:
D:1:      scummos_arrival_gate, layout_basic,
          hellmonk_ecumenical_altar_leap_of_faith
D:2:      layout_rooms, minmay_misc_feat_secret_circle, dk_vineyard_1,
          uniq_terence

Action                     || total
---------------------------++-------
  Melee: Unarmed           ||     1
   Cast: Necrotise         ||    20
    Use: Potion            ||     1
 Armour: Robe              ||     6
  Dodge: Dodged            ||     6
